 Dungeon Crawl Stone Soup version 0.29.1-12-g30fa7ad0bf (webtiles) character file.

Game seed: 15460593344228163219

1706 mampy3000 the Basher (level 8, -8/70 HPs)
             Began as a Minotaur Berserker on Dec 29, 2022.
             Was a Priest of Trog.
             Mangled by an eight-headed hydra (9 damage)
             ... on level 6 of the Dungeon.
             The game lasted 00:15:49 (6393 turns).

mampy3000 the Basher (Minotaur Berserker)           Turns: 6393, Time: 00:15:50

Health: -8/70      AC: 14    Str: 23    XL:     8   Next: 73%
Magic:  7/7        EV:  6    Int:  4    God:    Trog [***...]
Gold:   402        SH:  9    Dex: 13    Spells: 7/7 levels left

rFire   + . .      SeeInvis .   y - +3 flail (drain)
rCold   . . .      Faith    .   k - +0 kite shield
rNeg    + + +      Spirit   .   o - +0 plate armour
rPois   +          Reflect  .   (helmet restricted)
rElec   .          Harm     .   x - +0 cloak
rCorr   .          Rampage  .   (no gloves)
Will    ++...                   (no boots)
Stlth   ..........              B - amulet of regeneration
HPRegen 2.01/turn               C - ring "Qomulus" {Drain rF+ rN+++ Dex+2}
MPRegen 0.10/turn               A - ring of poison resistance

@: strong-willed, on berserk cooldown, regenerating, slowed, very slow
A: horns 2, retaliatory headbutt
a: Renounce Religion, Berserk, Trog's Hand


You were on level 6 of the Dungeon.
You worshipped Trog.
Trog was most pleased with you.
You visited 1 branch of the dungeon, and saw 6 of its levels.

You collected 402 gold pieces.

Inventory:

Hand Weapons
 w - a +3 quarterstaff of chaos
 y - a +3 flail of draining (weapon)
Armour
 k - a +0 kite shield (worn)
 o - a +0 plate armour (worn)
 x - a +0 cloak (worn)
Jewellery
 A - a ring of poison resistance (right hand)
 B - an amulet of regeneration (around neck)
 C - the ring "Qomulus" (left hand) {Drain rF+ rN+++ Dex+2}
   (You found it on level 6 of the Dungeon)

   [ring of protection from fire]

   Dex:       It affects your dexterity (+2).
   rF:        It protects you from fire.
   rN:        It renders you almost immune to negative energy.
   Drain:     It drains your maximum health when unequipped.
Wands
 h - a wand of paralysis (5)
 p - a wand of roots (15)
 z - a wand of mindburst (17)
Scrolls
 a - a scroll of fear {unknown}
 c - a scroll of immolation {unknown}
 d - 2 scrolls of enchant weapon {unknown}
 e - 3 scrolls of identify
 g - a scroll of magic mapping {unknown}
 i - a scroll of summoning {unknown}
 q - a scroll of blinking {unknown}
 r - a scroll of amnesia {unknown}
 u - a scroll of teleportation {unknown}
Potions
 b - 2 potions of attraction {unknown}
 f - 3 potions of degeneration
 l - 2 potions of haste {unknown}
 m - a potion of lignification {unknown}
 n - 2 potions of curing
 s - a potion of cancellation {unknown}
 t - a potion of might {unknown}
 v - a potion of berserk rage {unknown}


   Skills:
 + Level 6.3 Fighting
 + Level 8.3 Maces & Flails
 + Level 7.8 Armour
 + Level 2.6 Dodging
 + Level 1.2 Stealth
 + Level 5.5 Shields


You had 7 spell levels left.
You didn't know any spells.
Your spell library was empty.

Dungeon Overview and Level Annotations

Branches:
Dungeon (6/15)             Temple (0/1) D:4

Altars:
Ashenzari
Cheibriados
Dithmenos
Hepliaklqana
Kikubaaqudgha
Ru
Trog
Vehumet

Shops:
D:3 *


Innate Abilities, Weirdness & Mutations

You have a pair of horns on your head.
You reflexively headbutt those who attack you in melee.


Message History

The orc hits you with a +0 flail. You block something's attack.
Things that are here:
a +0 giant club; an ogre corpse The eight-headed hydra bites you but does no damage.
The eight-headed hydra bites you!
The eight-headed hydra barely misses you.
You block the eight-headed hydra's attack.
The eight-headed hydra bites you! x2
The eight-headed hydra barely misses you.
You block the eight-headed hydra's attack.
The orc hits you with a +0 flail.
You feel better.
Something hits you but does no damage. x2
The eight-headed hydra bites you! The eight-headed hydra bites you.
You block the eight-headed hydra's attack.
The eight-headed hydra bites you.
The eight-headed hydra bites you but does no damage.
The eight-headed hydra barely misses you.
The eight-headed hydra bites you but does no damage.
The eight-headed hydra bites you.
* * * LOW HITPOINT WARNING * * *
The orc hits you but does no damage.
Your skin crawls.
You feel strong-willed.
An orc wizard appears from thin air!
Reactivating autopickup.
You block the orc wizard's attack. The eight-headed hydra bites you!
* * * LOW HITPOINT WARNING * * *
The eight-headed hydra bites you!
* * * LOW HITPOINT WARNING * * *
The eight-headed hydra barely misses you.
The eight-headed hydra bites you but does no damage.
You block the eight-headed hydra's attack. x2
The eight-headed hydra bites you but does no damage.
You block the eight-headed hydra's attack.
You block the orc wizard's attack. The orc hits you with a +0 flail.
* * * LOW HITPOINT WARNING * * *
You block the eight-headed hydra's attack.
The eight-headed hydra bites you!
You die...

##... . ##.. ..
##<. ... #..#
....## ##..#
......#### ##..##
.........### #..##
......).!oo####
##.##
......)##D@...####
##.## .......
####...).###..#
.......
###.......##
.....## ####...##
...## ###.# ###
#.# #.# #.# #.#


You could see an eight-headed hydra, an orc wizard (fast) and an orc.

Vanquished Creatures
  Sigmund (D:4)
  Edmund (D:4)
  A water moccasin (D:6)
  2 ice beasts
  3 black bears
  3 ogres
  A centaur (D:6)
  A bullfrog (D:6)
  2 hounds (D:6)
  Crazy Yiuf (D:4)
  Ijyb (D:5)
  An iguana (D:5)
  Natasha (D:3)
  2 orc wizards
  3 gnolls (D:5)
  8 adders
  A shadow imp (D:4)
  A white imp (D:6)
  2 ufetubi
  A worm (D:3)
  6 dart slugs
  16 orcs
  5 endoplasms
  2 giant cockroaches
  5 goblins
  9 hobgoblins
  14 jackals
  8 kobolds
  5 quokkas
  3 ball pythons
  4 bats
  2 frilled lizards
  3 rats
119 creatures vanquished.

Notes
Turn   | Place    | Note
-------+----------+-------------------------------------------
     0 | D:1      | mampy3000 the Minotaur Berserker began the quest for the
                  | Orb.
     0 | D:1      | Reached XP level 1. HP: 19/19 MP: 0/0
   486 | D:1      | Reached XP level 2. HP: 27/27 MP: 1/1
   530 | D:1      | Reached skill level 4 in Maces & Flails
   941 | D:1      | Found a faded altar of an unknown god.
  1193 | D:2      | Found a bloodstained altar of Trog.
  1235 | D:2      | Reached XP level 3. HP: 18/33 MP: 2/2
  1459 | D:2      | Reached ** piety under Trog
  2116 | D:3      | Found a radiant altar of Vehumet.
  2199 | D:3      | Reached skill level 1 in Shields
  2199 | D:3      | Reached XP level 4. HP: 21/41 MP: 3/3
  2602 | D:3      | Found Zutoecle's General Store.
  2767 | D:3      | Noticed Natasha
  2770 | D:3      | Killed Natasha
  2771 | D:3      | Reached skill level 5 in Maces & Flails
  2810 | D:3      | Reached XP level 5. HP: 42/47 MP: 4/4
  3168 | D:4      | Noticed an ogre
  3176 | D:4      | Killed an ogre
  3177 | D:4      | Reached XP level 6. HP: 11/55 MP: 5/5
  3721 | D:4      | Found a staircase to the Ecumenical Temple.
  3761 | D:4      | Found a bloodstained altar of Trog.
  3773 | D:4      | Reached skill level 6 in Maces & Flails
  3856 | D:4      | Reached skill level 5 in Fighting
  4007 | D:4      | Reached *** piety under Trog
  4043 | D:4      | Reached skill level 5 in Armour
  4166 | D:4      | Found a runed translucent door.
  4167 | D:4      | Noticed Crazy Yiuf
  4263 | D:4      | Killed Crazy Yiuf
  4264 | D:4      | Reached XP level 7. HP: 61/61 MP: 6/6
  4465 | D:4      | Found a sacrificial altar of Ru.
  4465 | D:4      | Found a snail-covered altar of Cheibriados.
  4473 | D:4      | Found an ancient bone altar of Kikubaaqudgha.
  4475 | D:4      | Found a hazy altar of Hepliaklqana.
  4477 | D:4      | Found a shadowy altar of Dithmenos.
  4538 | D:4      | Noticed Sigmund
  4559 | D:4      | Killed Sigmund
  4637 | D:4      | Noticed Edmund
  4655 | D:4      | Killed Edmund
  4956 | D:5      | Entered Level 5 of the Dungeon
  4979 | D:5      | Noticed Ijyb
  4986 | D:5      | Killed Ijyb
  4991 | D:5      | Reached skill level 7 in Maces & Flails
  4993 | D:5      | Reached XP level 8. HP: 42/69 MP: 7/7
  5224 | D:5      | Found a broken altar of Ashenzari.
  6051 | D:6      | Reached skill level 5 in Shields
  6257 | D:6      | Reached skill level 1 in Stealth
  6262 | D:6      | Reached skill level 8 in Maces & Flails
  6280 | D:6      | Identified the +0 flail of Extermination {vorpal, rElec rN+
                  | rCorr Dex+9}
  6303 | D:6      | Identified the ring "Qomulus" {Drain rF+ rN+++ Dex+2}
  6380 | D:6      | Noticed an eight-headed hydra
  6393 | D:6      | HP: 1/70 [orc/+0 flail (5)]
  6393 | D:6      | Mangled by an eight-headed hydra

Illustrated notes

Levels and vault maps discovered:
D:1:      evilmike_arrival_hilbert_curve, layout_loops_ring,
          basic_ecumenical_altar
D:2:      layout_basic, basic_altar
D:3:      layout_loops_ring, lemuel_round_altar, serial_shops,
          nicolae_shop_waterfront, minmay_misc_feat_tiny, uniq_natasha
D:4:      layout_loops_corners, chequers_temple_overflow_minitemple,
          trog_ov_bears_minmay, minmay_temple_entry_statues,
          sigmund_edmund_badplayer, uniq_crazy_yiuf_cottage
D:5:      layout_cave_pools, nicolae_ashenzari_panopticon, uniq_ijyb
D:6:      layout_cave_pods, nicolae_elevator_lobby_asterisk

Skill      XL: |  1  2  3  4  5  6  7  8 |
---------------+-------------------------+-----
Maces & Flails | 4 5 6 7 8 |  8.3
Fighting       | 4 5 6 |  6.3
Armour         | 3 4 5 6 7 |  7.8
Shields        | 1 2 3 4 5 |  5.5
Stealth        | 1 |  1.2
Dodging        | |  2.6

Action                   |  1- 3 |  4- 6 |  7- 9 || total
-------------------------+-------+-------+-------++-------
Melee: Mace              |    92 |   122 |    43 ||   257
       Headbutt          |    12 |    23 |    13 ||    48
       Flail             |       |       |    64 ||    64
Invok: Berserk           |       |     3 |     3 ||     6
       Trog's Hand       |       |       |     1 ||     1
  Use: Scroll            |       |     1 |     2 ||     3
       Potion            |       |       |     1 ||     1
Armor: Ring mail         |    22 |       |       ||    22
       Plate armour      |    32 |   122 |    85 ||   239
Dodge: Dodged            |    41 |    22 |    29 ||    92
Block: Kite shield       |    34 |    59 |    58 ||   151
